[ PARTIDA AOE2 · #468499944 ]
UnrankedEspañoles vs Khmer
[ ANÁLISIS DE REPETICIÓN · EXTRAÍDO DE LA PARTIDA GRABADA ]
Feudal
14:46
Castillos
24:50
Imperial
40:14
| APM promedio | 12.6 |
| APM pico | 38 |
| eAPM promedio | 9.5 |
| Aldeanos / militares | 123 / 809 |
Foco
⚔️ 45.7% · 🌾 54.3%
Knight ×391 · Spearman ×351 · Scout Cavalry ×51 · Trade Cart ×22 · Conquistador ×11 · Trebuchet (Packed) ×5
Feudal
22:57
Castillos
—
Imperial
—
| APM promedio | 5.6 |
| APM pico | 75 |
| eAPM promedio | 3.4 |
| Aldeanos / militares | 57 / 0 |
Foco
⚔️ 8.6% · 🌾 91.4%
Fishing Ship ×25
Feudal
10:38
Castillos
23:18
Imperial
40:47
| APM promedio | 12.2 |
| APM pico | 93 |
| eAPM promedio | 9.9 |
| Aldeanos / militares | 86 / 382 |
Foco
⚔️ 51.3% · 🌾 48.7%
Hand Cannoneer ×169 · Scout Cavalry ×129 · Battle Elephant ×55 · Ballista Elephant ×29 · Trade Cart ×23 · Fishing Ship ×5
Feudal
—
Castillos
—
Imperial
—
| APM promedio | 17.6 |
| APM pico | 79 |
| eAPM promedio | 15.1 |
| Aldeanos / militares | 94 / 855 |
Foco
⚔️ 71.3% · 🌾 28.7%
Spearman ×347 · Skirmisher ×276 · Rattan Archer ×177 · Fire Lancer ×47 · Trebuchet (Packed) ×8
Feudal
13:27
Castillos
22:28
Imperial
40:20
| APM promedio | 33.1 |
| APM pico | 80 |
| eAPM promedio | 26.1 |
| Aldeanos / militares | 143 / 999 |
Foco
⚔️ 61.9% · 🌾 38.1%
Spearman ×307 · Cavalry Archer ×302 · Magyar Huszar ×227 · Skirmisher ×132 · Trade Cart ×44 · Trebuchet (Packed) ×27
Feudal
14:17
Castillos
21:07
Imperial
34:40
| APM promedio | 12.1 |
| APM pico | 65 |
| eAPM promedio | 10.0 |
| Aldeanos / militares | 123 / 412 |
Foco
⚔️ 63.8% · 🌾 36.2%
Scout Cavalry ×181 · Janissary ×99 · Knight ×34 · Skirmisher ×31 · Militia ×16 · Spearman ×16
Feudal
—
Castillos
—
Imperial
—
| APM promedio | 16.0 |
| APM pico | 45 |
| eAPM promedio | 8.9 |
| Aldeanos / militares | 90 / 390 |
Foco
⚔️ 48.2% · 🌾 51.8%
Spearman ×151 · Skirmisher ×129 · Samurai ×85 · Hand Cannoneer ×19 · Trade Cart ×9 · Mangonel ×5
Feudal
15:15
Castillos
23:27
Imperial
35:34
| APM promedio | 13.5 |
| APM pico | 52 |
| eAPM promedio | 8.8 |
| Aldeanos / militares | 88 / 412 |
Foco
⚔️ 45.1% · 🌾 54.9%
Cataphract ×104 · Skirmisher ×100 · Camel Scout ×95 · Knight ×53 · Spearman ×45 · Trade Cart ×29
Mapa de la partida
Recursos iniciales + cada clic de construcción. Líneas = muros · curvas = relieve. ◆ oro · ⬟ piedra · ● bayas · ✦ reliquia · ◌ hueco del cierre
Inputs por minuto
— ByPeGaSuss - - AKANZİ
Build order — ByPeGaSuss
Primeras 150 de 457 acciones detectadas
| 0:06 | Crear | Villager (Male) |
| 0:06 | Crear | Villager (Male) |
| 0:06 | Crear | Villager (Male) |
| 0:34 | Construir | House |
| 1:20 | Construir | House |
| 1:24 | Construir | House |
| 1:29 | Construir | House |
| 2:10 | Crear | Villager (Male) |
| 2:10 | Crear | Villager (Male) |
| 2:10 | Crear | Villager (Male) |
| 2:47 | Crear | Villager (Male) |
| 2:47 | Crear | Villager (Male) |
| 3:45 | Construir | Palisade Wall |
| 3:51 | Construir | Building 796 |
| 4:03 | Crear | Villager (Male) |
| 4:03 | Crear | Villager (Male) |
| 4:04 | Crear | Villager (Male) |
| 4:04 | Crear | Villager (Male) |
| 4:59 | Crear | Villager (Male) |
| 4:59 | Crear | Villager (Male) |
| 5:16 | Construir | Palisade Wall |
| 5:22 | Construir | Palisade Gate |
| 5:49 | Crear | Villager (Male) |
| 5:49 | Crear | Villager (Male) |
| 7:13 | Construir | Mill |
| 7:20 | Crear | Villager (Male) |
| 7:20 | Crear | Villager (Male) |
| 7:21 | Crear | Villager (Male) |
| 7:21 | Crear | Villager (Male) |
| 7:57 | Construir | Lumber Camp |
| 8:02 | Crear | Villager (Male) |
| 8:02 | Crear | Villager (Male) |
| 9:08 | Crear | Villager (Male) |
| 9:08 | Crear | Villager (Male) |
| 9:09 | Crear | Villager (Male) |
| 10:00 | Construir | Mining Camp |
| 10:14 | Construir | Mining Camp |
| 12:36 | Investigar | Feudal Age |
| 12:58 | Construir | Mining Camp |
| 14:46 | Edad | Edad Feudal |
| 14:48 | Investigar | Wheelbarrow |
| 14:52 | Investigar | Double-Bit Axe |
| 14:59 | Crear | Villager (Male) |
| 15:19 | Construir | Stone Wall |
| 15:24 | Construir | Building 490 |
| 15:37 | Investigar | Horse Collar |
| 15:42 | Crear | Villager (Male) |
| 16:52 | Construir | House |
| 16:56 | Construir | House |
| 17:19 | Construir | Market |
| 17:29 | Crear | Villager (Male) ×5 |
| 18:01 | Construir | Farm |
| 18:19 | Construir | Stone Wall |
| 18:23 | Construir | Building 487 |
| 18:38 | Construir | Farm |
| 18:40 | Construir | Farm |
| 18:42 | Construir | Farm |
| 18:44 | Construir | Farm |
| 18:45 | Construir | Farm |
| 18:47 | Construir | Farm |
| 18:48 | Construir | Farm |
| 18:50 | Construir | Farm |
| 18:52 | Construir | Farm |
| 18:58 | Construir | Farm |
| 19:00 | Construir | Farm |
| 19:09 | Construir | Blacksmith |
| 19:17 | Construir | Farm |
| 19:20 | Crear | Villager (Male) ×3 |
| 19:34 | Crear | Trade Cart |
| 19:41 | Construir | Farm |
| 20:07 | Construir | Farm |
| 20:22 | Investigar | Stone Mining |
| 20:34 | Construir | House |
| 20:36 | Construir | House |
| 20:39 | Construir | House |
| 20:57 | Construir | Farm |
| 21:51 | Construir | House |
| 21:56 | Construir | House |
| 21:57 | Construir | House |
| 22:10 | Investigar | Castle Age |
| 22:55 | Crear | Trade Cart |
| 24:25 | Investigar | Gold Mining |
| 24:50 | Edad | Edad de los Castillos |
| 25:13 | Construir | Town Center |
| 25:17 | Investigar | Hand Cart |
| 25:21 | Investigar | Bow Saw |
| 25:51 | Crear | Villager (Male) ×5 |
| 25:56 | Crear | Villager (Male) ×5 |
| 26:01 | Investigar | Caravan |
| 26:13 | Investigar | Heavy Plow |
| 26:43 | Construir | Farm |
| 27:08 | Construir | Farm |
| 27:15 | Crear | Villager (Male) |
| 27:15 | Crear | Villager (Male) |
| 27:18 | Crear | Villager (Male) |
| 27:19 | Crear | Villager (Male) |
| 27:22 | Investigar | Scale Barding Armor |
| 27:23 | Investigar | Scale Mail Armor |
| 27:35 | Construir | Farm |
| 27:42 | Crear | Villager (Male) |
| 27:44 | Crear | Villager (Male) |
| 28:02 | Construir | Town Center |
| 28:16 | Investigar | Stone Shaft Mining |
| 28:21 | Investigar | Forging |
| 28:28 | Construir | Farm |
| 28:39 | Crear | Trade Cart |
| 28:49 | Construir | Farm |
| 29:10 | Crear | Villager (Male) ×5 |
| 29:19 | Construir | Farm |
| 29:22 | Crear | Villager (Male) ×5 |
| 29:25 | Crear | Villager (Male) |
| 29:39 | Construir | Farm |
| 29:53 | Crear | Villager (Male) ×3 |
| 30:04 | Construir | Farm |
| 30:26 | Construir | Barracks |
| 30:29 | Construir | Barracks |
| 30:32 | Construir | Barracks |
| 30:54 | Crear | Villager (Male) ×5 |
| 30:58 | Crear | Villager (Male) ×5 |
| 31:01 | Crear | Villager (Male) ×2 |
| 31:05 | Construir | Farm |
| 31:12 | Construir | Farm |
| 31:37 | Construir | Farm |
| 32:04 | Construir | Castle |
| 32:13 | Construir | House |
| 32:15 | Construir | House |
| 32:19 | Construir | House |
| 32:21 | Construir | House |
| 32:23 | Construir | House |
| 32:37 | Construir | Stable |
| 32:45 | Investigar | Town Watch |
| 32:46 | Investigar | Loom |
| 32:47 | Crear | Villager (Male) ×5 |
| 32:51 | Investigar | Iron Casting |
| 32:51 | Investigar | Chain Mail Armor |
| 32:52 | Investigar | Chain Barding Armor |
| 32:55 | Investigar | Arson |
| 32:56 | Investigar | Squires |
| 32:57 | Investigar | Pikeman (upgrade) |
| 33:40 | Crear | Villager (Male) |
| 33:40 | Crear | Villager (Male) |
| 33:43 | Crear | Villager (Male) |
| 33:43 | Crear | Villager (Male) |
| 33:44 | Crear | Villager (Male) |
| 33:44 | Crear | Villager (Male) |
| 33:44 | Crear | Villager (Male) |
| 34:04 | Construir | Stable |
| 34:07 | Construir | Stable |
| 34:12 | Construir | Stable |
| 34:14 | Construir | Stable |
Build order — AKANZİ
96 acciones detectadas en el replay
| 0:18 | Construir | House |
| 0:20 | Construir | House |
| 0:25 | Construir | House |
| 0:26 | Construir | House |
| 0:59 | Investigar | Loom |
| 0:59 | Crear | Villager (Male) ×4 |
| 0:59 | Crear | Villager (Male) ×4 |
| 3:32 | Construir | Palisade Wall |
| 4:03 | Construir | Building 796 |
| 4:17 | Crear | Villager (Male) |
| 4:17 | Crear | Villager (Male) |
| 7:08 | Construir | Palisade Wall |
| 7:38 | Construir | Palisade Wall |
| 8:03 | Crear | Villager (Male) ×2 |
| 8:03 | Crear | Villager (Male) ×2 |
| 9:17 | Crear | Villager (Male) |
| 9:17 | Crear | Villager (Male) |
| 10:22 | Crear | Villager (Male) ×5 |
| 10:22 | Crear | Villager (Male) ×5 |
| 11:55 | Crear | Villager (Male) ×2 |
| 11:55 | Crear | Villager (Male) ×2 |
| 12:50 | Crear | Villager (Male) ×5 |
| 12:50 | Crear | Villager (Male) ×5 |
| 12:51 | Crear | Villager (Male) ×2 |
| 14:27 | Crear | Villager (Male) ×5 |
| 14:28 | Crear | Villager (Male) ×5 |
| 14:28 | Crear | Villager (Male) ×5 |
| 15:31 | Construir | Lumber Camp |
| 15:43 | Construir | Mill |
| 16:19 | Construir | House |
| 16:22 | Construir | House |
| 16:24 | Construir | House |
| 16:25 | Construir | House |
| 16:27 | Construir | House |
| 16:29 | Construir | House |
| 16:30 | Construir | House |
| 17:38 | Construir | Dock |
| 17:45 | Construir | Dock |
| 17:53 | Construir | Dock |
| 19:03 | Construir | Lumber Camp |
| 19:21 | Crear | Fishing Ship |
| 19:21 | Crear | Fishing Ship |
| 19:22 | Crear | Fishing Ship |
| 19:23 | Crear | Fishing Ship |
| 19:27 | Crear | Fishing Ship |
| 19:27 | Crear | Fishing Ship |
| 19:27 | Crear | Fishing Ship |
| 19:41 | Construir | Mining Camp |
| 19:57 | Investigar | Feudal Age |
| 20:14 | Crear | Fishing Ship |
| 20:15 | Crear | Fishing Ship |
| 20:15 | Crear | Fishing Ship |
| 20:48 | Construir | Mining Camp |
| 21:56 | Construir | Farm |
| 21:58 | Construir | Farm |
| 21:59 | Construir | Farm |
| 22:00 | Construir | Farm |
| 22:57 | Edad | Edad Feudal |
| 23:11 | Construir | Fish Trap |
| 23:31 | Construir | Fish Trap |
| 23:35 | Construir | Fish Trap |
| 23:40 | Construir | Fish Trap |
| 23:52 | Investigar | Tech 906 |
| 23:53 | Crear | Fishing Ship ×5 |
| 23:53 | Crear | Fishing Ship ×5 |
| 23:54 | Crear | Fishing Ship ×5 |
| 24:10 | Construir | Fish Trap |
| 24:23 | Construir | Fish Trap |
| 24:57 | Construir | Fish Trap |
| 25:01 | Construir | Fish Trap |
| 25:06 | Construir | Fish Trap |
| 25:18 | Construir | Fish Trap |
| 25:30 | Construir | Fish Trap |
| 25:44 | Investigar | Wheelbarrow |
| 25:45 | Investigar | Town Watch |
| 25:49 | Investigar | Double-Bit Axe |
| 25:54 | Investigar | Stone Mining |
| 26:10 | Construir | Fish Trap |
| 26:25 | Construir | Fish Trap |
| 26:33 | Construir | Fish Trap |
| 26:53 | Construir | Fish Trap |
| 27:08 | Construir | Fish Trap |
| 27:22 | Construir | Fish Trap |
| 27:34 | Construir | Fish Trap |
| 27:46 | Construir | Fish Trap |
| 27:55 | Construir | Fish Trap |
| 28:02 | Construir | Farm |
| 28:16 | Construir | Market |
| 28:46 | Investigar | Horse Collar |
| 30:06 | Construir | Blacksmith |
| 30:07 | Construir | Blacksmith |
| 31:39 | Construir | Stone Wall |
| 31:45 | Construir | Building 490 |
| 31:59 | Investigar | Castle Age |
| 32:03 | Investigar | Gold Mining |
| 32:54 | Construir | Stone Wall |
Build order — Xerxes*the*Great
Primeras 150 de 642 acciones detectadas
| 0:04 | Construir | House |
| 0:06 | Construir | House |
| 0:07 | Construir | House |
| 0:11 | Crear | Villager (Male) |
| 0:11 | Crear | Villager (Male) |
| 0:11 | Crear | Villager (Male) |
| 0:12 | Crear | Villager (Male) |
| 1:53 | Construir | Palisade Wall |
| 3:29 | Crear | Villager (Male) |
| 3:30 | Crear | Villager (Male) |
| 3:30 | Crear | Villager (Male) |
| 4:32 | Crear | Villager (Male) |
| 4:37 | Crear | Villager (Male) |
| 4:37 | Crear | Villager (Male) |
| 4:39 | Crear | Villager (Male) |
| 6:07 | Construir | Palisade Wall |
| 7:06 | Crear | Villager (Male) |
| 7:09 | Crear | Villager (Male) |
| 7:17 | Investigar | Loom |
| 8:28 | Investigar | Feudal Age |
| 9:50 | Crear | Villager (Male) |
| 9:59 | Construir | Mill |
| 10:38 | Edad | Edad Feudal |
| 10:43 | Crear | Villager (Male) |
| 10:48 | Crear | Villager (Male) |
| 10:49 | Crear | Villager (Male) |
| 11:42 | Construir | Lumber Camp |
| 12:23 | Construir | House |
| 12:24 | Construir | House |
| 12:26 | Construir | House |
| 12:30 | Construir | House |
| 12:31 | Construir | House |
| 12:33 | Construir | House |
| 13:15 | Investigar | Double-Bit Axe |
| 13:57 | Crear | Villager (Male) |
| 13:58 | Crear | Villager (Male) |
| 13:58 | Crear | Villager (Male) |
| 13:59 | Crear | Villager (Male) |
| 14:32 | Crear | Villager (Male) |
| 14:46 | Crear | Villager (Male) |
| 15:39 | Crear | Villager (Male) |
| 15:41 | Crear | Villager (Male) |
| 15:46 | Crear | Villager (Male) |
| 15:47 | Crear | Villager (Male) |
| 15:49 | Crear | Villager (Male) |
| 15:56 | Construir | Mining Camp |
| 16:17 | Construir | Farm |
| 16:28 | Construir | Farm |
| 16:33 | Construir | Farm |
| 16:44 | Construir | Farm |
| 16:47 | Construir | Farm |
| 16:53 | Construir | Farm |
| 17:01 | Construir | Farm |
| 17:06 | Construir | Farm |
| 17:09 | Investigar | Horse Collar |
| 17:14 | Investigar | Gold Mining |
| 17:44 | Construir | Blacksmith |
| 18:02 | Construir | Market |
| 18:27 | Crear | Villager (Male) |
| 18:58 | Crear | Villager (Male) |
| 18:59 | Crear | Villager (Male) |
| 19:02 | Crear | Villager (Male) |
| 19:06 | Crear | Villager (Male) |
| 19:31 | Construir | Stable |
| 19:37 | Construir | Stable |
| 19:42 | Construir | Stable |
| 20:32 | Investigar | Castle Age |
| 20:46 | Construir | Farm |
| 21:51 | Construir | Dock |
| 21:58 | Construir | House |
| 22:01 | Construir | House |
| 22:11 | Investigar | Wheelbarrow |
| 22:14 | Crear | Villager (Male) |
| 22:14 | Crear | Villager (Male) |
| 22:20 | Investigar | Stone Mining |
| 23:18 | Edad | Edad de los Castillos |
| 23:27 | Crear | Villager (Male) |
| 23:28 | Crear | Villager (Male) |
| 23:30 | Crear | Villager (Male) |
| 23:46 | Construir | Town Center |
| 23:57 | Crear | Villager (Male) |
| 23:58 | Crear | Villager (Male) |
| 24:47 | Investigar | Bow Saw |
| 24:56 | Investigar | Heavy Plow |
| 25:03 | Construir | Farm |
| 25:32 | Construir | Farm |
| 25:47 | Crear | Villager (Male) |
| 25:47 | Crear | Villager (Male) |
| 25:48 | Crear | Villager (Male) |
| 25:49 | Crear | Villager (Male) |
| 25:56 | Construir | Farm |
| 26:25 | Investigar | Husbandry |
| 26:37 | Construir | Farm |
| 26:46 | Investigar | Bloodlines |
| 27:00 | Construir | Farm |
| 27:30 | Crear | Villager (Male) |
| 27:31 | Crear | Villager (Male) |
| 27:31 | Crear | Villager (Male) |
| 27:31 | Crear | Villager (Male) |
| 27:31 | Crear | Villager (Male) |
| 27:34 | Crear | Villager (Male) |
| 27:39 | Construir | Farm |
| 27:43 | Construir | Farm |
| 28:08 | Crear | Villager (Male) |
| 28:08 | Crear | Villager (Male) |
| 28:15 | Crear | Villager (Male) |
| 28:15 | Crear | Villager (Male) |
| 28:55 | Investigar | Forging |
| 29:17 | Crear | Battle Elephant |
| 29:17 | Crear | Battle Elephant |
| 29:25 | Crear | Battle Elephant |
| 29:34 | Crear | Villager (Male) |
| 29:42 | Crear | Villager (Male) |
| 29:42 | Crear | Villager (Male) |
| 29:43 | Crear | Villager (Male) |
| 29:43 | Crear | Villager (Male) |
| 29:52 | Investigar | Gold Shaft Mining |
| 29:57 | Investigar | Stone Shaft Mining |
| 30:19 | Crear | Battle Elephant |
| 30:19 | Crear | Battle Elephant |
| 30:37 | Crear | Battle Elephant |
| 30:41 | Crear | Battle Elephant |
| 31:19 | Construir | House |
| 31:25 | Construir | House |
| 31:26 | Construir | House |
| 31:29 | Construir | House |
| 31:31 | Construir | House |
| 31:32 | Construir | House |
| 31:34 | Construir | House |
| 31:36 | Construir | House |
| 31:38 | Construir | House |
| 31:48 | Crear | Fishing Ship |
| 31:48 | Crear | Fishing Ship |
| 31:48 | Crear | Fishing Ship |
| 31:49 | Crear | Fishing Ship |
| 31:53 | Crear | Fishing Ship |
| 31:56 | Construir | Farm |
| 32:11 | Construir | University |
| 32:27 | Crear | Battle Elephant |
| 32:27 | Crear | Battle Elephant |
| 32:30 | Investigar | Iron Casting |
| 32:31 | Investigar | Scale Barding Armor |
| 32:42 | Construir | Monastery |
| 32:45 | Crear | Villager (Male) |
| 32:45 | Crear | Villager (Male) |
| 32:45 | Crear | Villager (Male) |
| 32:47 | Crear | Villager (Male) |
| 32:49 | Crear | Villager (Male) |
| 34:01 | Crear | Battle Elephant |
| 34:01 | Crear | Battle Elephant |
Build order — SpryPenguin2814
Primeras 150 de 1108 acciones detectadas
| 0:18 | Crear | Villager (Male) |
| 0:18 | Crear | Villager (Male) |
| 0:18 | Crear | Villager (Male) |
| 0:19 | Crear | Villager (Male) |
| 0:19 | Crear | Villager (Male) |
| 0:28 | Construir | House |
| 0:58 | Construir | Palisade Wall |
| 1:48 | Construir | House |
| 3:38 | Crear | Villager (Male) |
| 3:38 | Crear | Villager (Male) |
| 3:51 | Construir | Outpost |
| 4:08 | Crear | Villager (Male) |
| 4:34 | Investigar | Loom |
| 4:35 | Crear | Villager (Male) |
| 4:50 | Construir | Mill |
| 4:59 | Crear | Villager (Male) |
| 6:32 | Construir | Palisade Gate |
| 6:59 | Construir | Palisade Wall |
| 7:08 | Crear | Villager (Male) |
| 7:08 | Crear | Villager (Male) |
| 7:08 | Crear | Villager (Male) |
| 7:09 | Crear | Villager (Male) |
| 7:09 | Crear | Villager (Male) |
| 7:35 | Construir | Palisade Wall |
| 7:38 | Construir | Palisade Wall |
| 8:25 | Construir | Palisade Wall |
| 8:36 | Crear | Villager (Male) |
| 8:36 | Crear | Villager (Male) |
| 9:24 | Construir | House |
| 9:28 | Construir | House |
| 10:53 | Crear | Villager (Male) |
| 10:54 | Crear | Villager (Male) |
| 11:53 | Construir | Lumber Camp |
| 12:23 | Investigar | Feudal Age |
| 14:13 | Construir | House |
| 14:14 | Construir | House |
| 14:16 | Construir | House |
| 14:17 | Construir | House |
| 14:18 | Construir | House |
| 14:20 | Construir | House |
| 14:21 | Construir | House |
| 14:23 | Construir | House |
| 14:26 | Construir | House |
| 14:39 | Investigar | Wheelbarrow |
| 14:42 | Investigar | Horse Collar |
| 14:49 | Investigar | Double-Bit Axe |
| 15:46 | Crear | Villager (Male) |
| 15:47 | Crear | Villager (Male) |
| 15:47 | Crear | Villager (Male) |
| 15:47 | Crear | Villager (Male) |
| 15:48 | Crear | Villager (Male) |
| 15:48 | Crear | Villager (Male) |
| 16:37 | Construir | Mining Camp |
| 17:55 | Investigar | Gold Mining |
| 17:56 | Investigar | Stone Mining |
| 18:02 | Crear | Villager (Male) |
| 18:02 | Crear | Villager (Male) |
| 18:03 | Crear | Villager (Male) |
| 18:03 | Crear | Villager (Male) |
| 18:25 | Construir | House |
| 18:26 | Construir | House |
| 18:27 | Construir | House |
| 18:29 | Construir | House |
| 18:31 | Construir | House |
| 18:42 | Construir | Mining Camp |
| 19:36 | Construir | Stone Wall |
| 19:41 | Construir | Stone Wall |
| 20:15 | Construir | Farm |
| 20:16 | Construir | Farm |
| 20:18 | Construir | Farm |
| 20:52 | Construir | Farm |
| 20:53 | Construir | Farm |
| 20:54 | Construir | Farm |
| 20:56 | Construir | Farm |
| 20:58 | Construir | Farm |
| 21:01 | Construir | Farm |
| 21:03 | Construir | Farm |
| 21:05 | Construir | Farm |
| 21:09 | Construir | Farm |
| 21:12 | Construir | Farm |
| 21:26 | Construir | Farm |
| 21:40 | Crear | Villager (Male) |
| 21:41 | Crear | Villager (Male) |
| 22:23 | Crear | Villager (Male) |
| 22:23 | Crear | Villager (Male) |
| 22:23 | Crear | Villager (Male) |
| 23:14 | Construir | Stone Wall |
| 23:30 | Construir | Outpost |
| 23:36 | Investigar | Town Watch |
| 23:38 | Crear | Villager (Male) |
| 24:08 | Construir | Barracks |
| 24:34 | Crear | Villager (Male) |
| 24:34 | Crear | Villager (Male) |
| 24:59 | Construir | Archery Range |
| 25:06 | Construir | Stable |
| 25:23 | Construir | Farm |
| 25:24 | Construir | Farm |
| 25:27 | Construir | Farm |
| 25:44 | Construir | Farm |
| 25:51 | Crear | Villager (Male) |
| 25:51 | Crear | Villager (Male) |
| 26:06 | Investigar | Castle Age |
| 26:27 | Investigar | Bloodlines |
| 26:32 | Investigar | Arson |
| 27:32 | Construir | Stone Wall |
| 27:48 | Construir | Blacksmith |
| 28:09 | Construir | House |
| 28:10 | Construir | House |
| 28:11 | Construir | House |
| 28:13 | Construir | House |
| 28:14 | Construir | House |
| 28:16 | Construir | House |
| 29:03 | Investigar | Town Patrol |
| 29:05 | Investigar | Hand Cart |
| 29:09 | Investigar | Stone Shaft Mining |
| 29:16 | Investigar | Bow Saw |
| 29:20 | Investigar | Heavy Plow |
| 29:47 | Construir | Town Center |
| 29:57 | Construir | Town Center |
| 30:02 | Crear | Villager (Male) |
| 30:02 | Crear | Villager (Male) |
| 30:02 | Crear | Villager (Male) |
| 30:28 | Crear | Villager (Male) |
| 30:28 | Crear | Villager (Male) |
| 30:39 | Crear | Villager (Male) |
| 30:40 | Crear | Villager (Male) |
| 30:40 | Crear | Villager (Male) |
| 30:40 | Crear | Villager (Male) |
| 30:40 | Crear | Villager (Male) |
| 30:41 | Crear | Villager (Male) |
| 30:50 | Construir | Mining Camp |
| 30:57 | Investigar | Padded Archer Armor |
| 30:58 | Investigar | Fletching |
| 31:20 | Crear | Villager (Male) |
| 31:20 | Crear | Villager (Male) |
| 31:21 | Crear | Villager (Male) |
| 31:21 | Crear | Villager (Male) |
| 31:21 | Crear | Villager (Male) |
| 31:35 | Construir | Castle |
| 31:42 | Crear | Villager (Male) |
| 31:42 | Crear | Villager (Male) |
| 31:58 | Construir | Stone Wall |
| 32:04 | Construir | Stone Wall |
| 32:21 | Investigar | Leather Archer Armor |
| 32:22 | Investigar | Bodkin Arrow |
| 32:35 | Crear | Villager (Male) |
| 32:35 | Crear | Villager (Male) |
| 32:35 | Crear | Villager (Male) |
| 32:36 | Crear | Villager (Male) |
| 33:15 | Construir | House |
Build order — DolphinPizza
Primeras 150 de 1443 acciones detectadas
| 0:07 | Construir | House |
| 0:09 | Construir | House |
| 0:15 | Crear | Villager (Male) |
| 0:15 | Crear | Villager (Male) |
| 0:16 | Crear | Villager (Male) |
| 0:16 | Crear | Villager (Male) |
| 0:16 | Crear | Villager (Male) |
| 2:13 | Crear | Villager (Male) |
| 2:13 | Crear | Villager (Male) |
| 2:13 | Crear | Villager (Male) |
| 2:20 | Crear | Villager (Male) |
| 3:17 | Construir | Dock |
| 3:45 | Crear | Villager (Male) |
| 3:45 | Crear | Villager (Male) |
| 3:45 | Crear | Villager (Male) |
| 4:14 | Crear | Villager (Male) |
| 4:14 | Crear | Villager (Male) |
| 5:00 | Crear | Fishing Ship |
| 5:05 | Construir | House |
| 5:19 | Crear | Villager (Male) |
| 5:20 | Crear | Villager (Male) |
| 7:01 | Crear | Villager (Male) |
| 7:13 | Construir | Lumber Camp |
| 8:00 | Crear | Villager (Male) |
| 8:01 | Crear | Villager (Male) |
| 8:01 | Crear | Villager (Male) |
| 8:02 | Crear | Villager (Male) |
| 8:56 | Construir | Mill |
| 9:11 | Construir | House |
| 9:11 | Construir | House |
| 9:51 | Crear | Fishing Ship |
| 10:35 | Investigar | Feudal Age |
| 11:07 | Construir | Mining Camp |
| 11:26 | Construir | Farm |
| 11:28 | Construir | Farm |
| 12:53 | Construir | Farm |
| 12:55 | Construir | Farm |
| 13:06 | Construir | Farm |
| 13:16 | Construir | Farm |
| 13:23 | Crear | Villager (Male) |
| 13:23 | Crear | Villager (Male) |
| 13:23 | Crear | Villager (Male) |
| 13:23 | Crear | Villager (Male) |
| 13:24 | Crear | Villager (Male) |
| 13:24 | Crear | Villager (Male) |
| 13:27 | Edad | Edad Feudal |
| 13:35 | Crear | Fishing Ship |
| 13:37 | Crear | Fishing Ship |
| 14:04 | Construir | Farm |
| 14:26 | Crear | Villager (Male) |
| 14:26 | Crear | Villager (Male) |
| 14:26 | Crear | Villager (Male) |
| 14:27 | Crear | Villager (Male) |
| 14:27 | Crear | Villager (Male) |
| 14:28 | Crear | Villager (Male) |
| 14:35 | Construir | Farm |
| 14:45 | Construir | House |
| 14:46 | Construir | House |
| 15:04 | Investigar | Horse Collar |
| 15:41 | Construir | Barracks |
| 15:48 | Construir | Farm |
| 16:07 | Construir | Mining Camp |
| 16:12 | Crear | Villager (Male) |
| 16:13 | Crear | Villager (Male) |
| 16:21 | Construir | Farm |
| 17:23 | Construir | Blacksmith |
| 17:38 | Construir | Market |
| 17:49 | Construir | Farm |
| 18:10 | Construir | Farm |
| 19:05 | Construir | Farm |
| 19:09 | Investigar | Castle Age |
| 19:30 | Construir | Archery Range |
| 19:40 | Investigar | Stone Mining |
| 19:49 | Construir | House |
| 19:55 | Investigar | Double-Bit Axe |
| 20:19 | Crear | Trade Cart |
| 20:36 | Construir | Farm |
| 21:11 | Crear | Trade Cart |
| 21:12 | Crear | Trade Cart |
| 21:45 | Crear | Trade Cart |
| 21:52 | Crear | Villager (Male) |
| 21:52 | Crear | Villager (Male) |
| 21:53 | Crear | Villager (Male) |
| 21:53 | Crear | Villager (Male) |
| 21:54 | Crear | Villager (Male) |
| 21:54 | Crear | Villager (Male) |
| 21:54 | Crear | Villager (Male) |
| 21:54 | Crear | Villager (Male) |
| 22:16 | Investigar | Gold Mining |
| 22:28 | Edad | Edad de los Castillos |
| 22:51 | Construir | Town Center |
| 22:59 | Crear | Cavalry Archer |
| 22:59 | Crear | Cavalry Archer |
| 22:59 | Crear | Cavalry Archer |
| 22:59 | Crear | Cavalry Archer |
| 23:08 | Construir | Farm |
| 23:22 | Construir | House |
| 23:23 | Construir | House |
| 23:23 | Construir | House |
| 23:37 | Investigar | Bow Saw |
| 23:43 | Crear | Cavalry Archer |
| 23:56 | Construir | House |
| 23:57 | Construir | House |
| 24:29 | Crear | Cavalry Archer |
| 24:29 | Crear | Cavalry Archer |
| 24:51 | Investigar | Padded Archer Armor |
| 25:00 | Investigar | Thumb Ring |
| 25:17 | Investigar | Heavy Plow |
| 25:28 | Construir | Farm |
| 25:30 | Crear | Villager (Male) |
| 25:30 | Crear | Villager (Male) |
| 25:35 | Construir | Farm |
| 25:43 | Crear | Villager (Male) |
| 25:43 | Crear | Villager (Male) |
| 25:44 | Crear | Villager (Male) |
| 25:52 | Construir | Castle |
| 26:01 | Crear | Trade Cart |
| 26:01 | Crear | Trade Cart |
| 26:06 | Construir | Farm |
| 26:27 | Crear | Villager (Male) |
| 26:28 | Crear | Villager (Male) |
| 26:28 | Crear | Villager (Male) |
| 26:28 | Crear | Villager (Male) |
| 26:31 | Crear | Villager (Male) |
| 26:36 | Crear | Cavalry Archer |
| 26:36 | Crear | Cavalry Archer |
| 26:37 | Crear | Cavalry Archer |
| 26:37 | Crear | Cavalry Archer |
| 26:47 | Construir | Farm |
| 26:50 | Construir | House |
| 26:51 | Construir | House |
| 26:51 | Construir | House |
| 26:51 | Construir | House |
| 26:52 | Construir | House |
| 26:52 | Construir | House |
| 26:53 | Construir | House |
| 27:15 | Crear | Villager (Male) |
| 27:15 | Crear | Villager (Male) |
| 27:15 | Crear | Villager (Male) |
| 27:16 | Crear | Villager (Male) |
| 27:16 | Crear | Villager (Male) |
| 27:16 | Crear | Villager (Male) |
| 27:23 | Construir | Mining Camp |
| 27:31 | Construir | Farm |
| 27:31 | Construir | Farm |
| 27:38 | Crear | Villager (Male) |
| 27:40 | Crear | Villager (Male) |
| 27:40 | Crear | Villager (Male) |
| 27:54 | Crear | Cavalry Archer |
| 27:54 | Crear | Cavalry Archer |
Build order — dj abov
Primeras 150 de 662 acciones detectadas
| 0:17 | Construir | House |
| 0:20 | Construir | House |
| 0:21 | Construir | House |
| 0:23 | Construir | House |
| 0:50 | Crear | Villager (Male) |
| 0:50 | Crear | Villager (Male) |
| 0:51 | Crear | Villager (Male) |
| 0:51 | Crear | Villager (Male) |
| 0:51 | Crear | Villager (Male) |
| 2:19 | Crear | Villager (Male) |
| 2:20 | Crear | Villager (Male) |
| 2:20 | Crear | Villager (Male) |
| 2:57 | Crear | Villager (Male) |
| 3:30 | Crear | Villager (Male) |
| 3:30 | Crear | Villager (Male) |
| 5:06 | Crear | Villager (Male) |
| 5:06 | Crear | Villager (Male) |
| 5:06 | Crear | Villager (Male) |
| 5:07 | Crear | Villager (Male) |
| 5:07 | Crear | Villager (Male) |
| 5:32 | Crear | Villager (Male) |
| 5:32 | Crear | Villager (Male) |
| 5:49 | Construir | Mill |
| 6:18 | Crear | Villager (Male) |
| 6:18 | Crear | Villager (Male) |
| 7:01 | Construir | Lumber Camp |
| 7:40 | Crear | Villager (Male) |
| 7:40 | Crear | Villager (Male) |
| 7:40 | Crear | Villager (Male) |
| 7:41 | Crear | Villager (Male) |
| 7:41 | Crear | Villager (Male) |
| 7:41 | Crear | Villager (Male) |
| 7:41 | Crear | Villager (Male) |
| 7:42 | Crear | Villager (Male) |
| 9:41 | Construir | Farm |
| 10:45 | Construir | House |
| 10:46 | Construir | House |
| 10:47 | Construir | House |
| 10:50 | Construir | House |
| 11:18 | Construir | Farm |
| 11:36 | Investigar | Feudal Age |
| 11:56 | Construir | Farm |
| 11:59 | Construir | Farm |
| 12:03 | Construir | Farm |
| 12:17 | Crear | Villager (Male) |
| 12:17 | Crear | Villager (Male) |
| 12:17 | Crear | Villager (Male) |
| 12:17 | Crear | Villager (Male) |
| 12:18 | Crear | Villager (Male) |
| 12:18 | Crear | Villager (Male) |
| 12:26 | Crear | Villager (Male) |
| 12:26 | Crear | Villager (Male) |
| 12:27 | Crear | Villager (Male) |
| 12:27 | Crear | Villager (Male) |
| 12:27 | Crear | Villager (Male) |
| 12:50 | Construir | Farm |
| 12:57 | Construir | Farm |
| 13:24 | Construir | Farm |
| 13:32 | Construir | Farm |
| 14:17 | Edad | Edad Feudal |
| 14:53 | Construir | Blacksmith |
| 14:59 | Construir | Market |
| 15:28 | Construir | Blacksmith |
| 15:34 | Construir | Market |
| 16:30 | Construir | Farm |
| 16:35 | Construir | Farm |
| 16:39 | Construir | Farm |
| 16:50 | Investigar | Horse Collar |
| 16:53 | Investigar | Double-Bit Axe |
| 17:31 | Investigar | Castle Age |
| 17:48 | Construir | Mining Camp |
| 18:37 | Crear | Trade Cart |
| 19:47 | Investigar | Wheelbarrow |
| 19:55 | Crear | Villager (Male) |
| 19:56 | Crear | Villager (Male) |
| 19:56 | Crear | Villager (Male) |
| 19:56 | Crear | Villager (Male) |
| 19:57 | Crear | Villager (Male) |
| 19:57 | Crear | Villager (Male) |
| 19:58 | Crear | Villager (Male) |
| 19:58 | Crear | Villager (Male) |
| 19:59 | Crear | Villager (Male) |
| 20:00 | Crear | Villager (Male) |
| 21:07 | Edad | Edad de los Castillos |
| 21:13 | Investigar | Wheelbarrow |
| 21:31 | Investigar | Gold Mining |
| 21:32 | Investigar | Stone Mining |
| 21:42 | Construir | Town Center |
| 22:06 | Investigar | Gold Shaft Mining |
| 22:14 | Investigar | Bow Saw |
| 22:19 | Investigar | Heavy Plow |
| 23:03 | Construir | Farm |
| 23:19 | Construir | Farm |
| 23:39 | Crear | Villager (Male) |
| 23:39 | Crear | Villager (Male) |
| 23:40 | Crear | Villager (Male) |
| 23:40 | Crear | Villager (Male) |
| 23:40 | Crear | Villager (Male) |
| 23:40 | Crear | Villager (Male) |
| 23:41 | Crear | Villager (Male) |
| 23:41 | Crear | Villager (Male) |
| 23:46 | Crear | Villager (Male) |
| 24:03 | Construir | House |
| 24:04 | Construir | House |
| 24:05 | Construir | House |
| 24:10 | Construir | House |
| 24:11 | Construir | House |
| 24:12 | Construir | House |
| 24:16 | Construir | House |
| 24:19 | Construir | House |
| 24:20 | Construir | House |
| 24:54 | Construir | Farm |
| 24:57 | Construir | Farm |
| 25:02 | Construir | Farm |
| 25:10 | Construir | Farm |
| 25:22 | Construir | Farm |
| 25:47 | Crear | Villager (Male) |
| 25:48 | Crear | Villager (Male) |
| 25:48 | Crear | Villager (Male) |
| 25:48 | Crear | Villager (Male) |
| 25:48 | Crear | Villager (Male) |
| 25:51 | Crear | Villager (Male) |
| 25:51 | Crear | Villager (Male) |
| 25:52 | Crear | Villager (Male) |
| 25:53 | Crear | Villager (Male) |
| 25:54 | Crear | Villager (Male) |
| 26:47 | Investigar | Hand Cart |
| 26:50 | Crear | Villager (Male) |
| 26:51 | Crear | Villager (Male) |
| 26:51 | Crear | Villager (Male) |
| 26:51 | Crear | Villager (Male) |
| 26:57 | Crear | Villager (Male) |
| 27:16 | Construir | Farm |
| 27:19 | Construir | Farm |
| 27:26 | Construir | Farm |
| 27:32 | Construir | Farm |
| 27:40 | Construir | Farm |
| 27:44 | Construir | Farm |
| 27:48 | Construir | Farm |
| 28:22 | Construir | Castle |
| 30:24 | Construir | Town Center |
| 31:02 | Construir | Barracks |
| 31:30 | Investigar | Imperial Age |
| 31:36 | Crear | Villager (Male) |
| 31:36 | Crear | Villager (Male) |
| 31:37 | Crear | Villager (Male) |
| 31:37 | Crear | Villager (Male) |
| 31:37 | Crear | Villager (Male) |
| 31:37 | Crear | Villager (Male) |
| 31:38 | Crear | Villager (Male) |
Build order — Mothership9207
Primeras 150 de 488 acciones detectadas
| 0:02 | Crear | Villager (Male) |
| 0:02 | Crear | Villager (Male) |
| 0:02 | Crear | Villager (Male) |
| 0:30 | Construir | Palisade Wall |
| 0:34 | Construir | House |
| 1:14 | Construir | Building 796 |
| 1:33 | Crear | Villager (Male) |
| 2:40 | Crear | Villager (Male) |
| 3:23 | Crear | Villager (Male) |
| 3:50 | Crear | Villager (Male) |
| 3:50 | Crear | Villager (Male) |
| 3:56 | Construir | House |
| 4:20 | Crear | Villager (Male) |
| 4:21 | Crear | Villager (Male) |
| 4:21 | Crear | Villager (Male) |
| 4:58 | Crear | Villager (Male) |
| 5:06 | Crear | Villager (Male) |
| 5:53 | Crear | Villager (Male) |
| 5:54 | Crear | Villager (Male) |
| 6:35 | Crear | Villager (Male) |
| 6:45 | Construir | House |
| 6:59 | Crear | Villager (Male) |
| 7:06 | Crear | Villager (Male) |
| 7:23 | Construir | Mill |
| 7:41 | Construir | House |
| 7:59 | Construir | House |
| 8:15 | Construir | Palisade Wall |
| 8:50 | Construir | Palisade Wall |
| 9:04 | Crear | Villager (Male) |
| 9:05 | Crear | Villager (Male) |
| 9:23 | Construir | Palisade Wall |
| 9:28 | Crear | Villager (Male) |
| 9:28 | Crear | Villager (Male) |
| 9:46 | Crear | Villager (Male) |
| 10:05 | Crear | Villager (Male) |
| 10:16 | Construir | Lumber Camp |
| 10:36 | Crear | Villager (Male) |
| 10:36 | Crear | Villager (Male) |
| 10:36 | Crear | Villager (Male) |
| 10:47 | Crear | Villager (Male) |
| 11:03 | Crear | Villager (Male) |
| 11:06 | Crear | Villager (Male) |
| 11:39 | Construir | House |
| 11:44 | Crear | Villager (Male) |
| 12:35 | Crear | Villager (Male) |
| 12:35 | Crear | Villager (Male) |
| 12:42 | Construir | House |
| 12:47 | Construir | House |
| 13:05 | Crear | Villager (Male) |
| 13:17 | Construir | Farm |
| 13:23 | Construir | Lumber Camp |
| 13:40 | Construir | Farm |
| 13:44 | Crear | Villager (Male) |
| 13:47 | Construir | Farm |
| 13:57 | Construir | Farm |
| 14:09 | Construir | Mill |
| 14:14 | Construir | Farm |
| 14:16 | Construir | Farm |
| 15:28 | Construir | Mining Camp |
| 15:36 | Construir | Farm |
| 15:45 | Crear | Villager (Male) |
| 15:47 | Investigar | Feudal Age |
| 15:54 | Construir | Farm |
| 16:11 | Construir | Mining Camp |
| 16:33 | Construir | Palisade Wall |
| 16:57 | Construir | Barracks |
| 17:15 | Crear | Villager (Male) |
| 17:16 | Crear | Villager (Male) |
| 18:26 | Construir | Archery Range |
| 18:32 | Crear | Spearman |
| 18:32 | Crear | Spearman |
| 18:32 | Crear | Spearman |
| 18:32 | Crear | Spearman |
| 18:33 | Crear | Spearman |
| 18:44 | Construir | House |
| 18:46 | Construir | House |
| 18:47 | Construir | House |
| 18:48 | Construir | House |
| 18:49 | Construir | House |
| 18:49 | Construir | House |
| 18:57 | Construir | Farm |
| 18:59 | Crear | Villager (Male) |
| 18:59 | Crear | Villager (Male) |
| 19:12 | Construir | Farm |
| 19:20 | Crear | Skirmisher |
| 19:20 | Crear | Skirmisher |
| 19:20 | Crear | Skirmisher |
| 19:21 | Crear | Skirmisher |
| 19:29 | Construir | Blacksmith |
| 19:37 | Crear | Villager (Male) |
| 19:38 | Crear | Villager (Male) |
| 19:55 | Construir | Market |
| 20:02 | Crear | Skirmisher |
| 20:02 | Crear | Skirmisher |
| 20:13 | Construir | Watch Tower |
| 20:18 | Construir | Watch Tower |
| 20:30 | Crear | Spearman |
| 20:32 | Crear | Villager (Male) |
| 20:33 | Crear | Villager (Male) |
| 20:54 | Crear | Villager (Male) |
| 21:00 | Investigar | Scale Mail Armor |
| 21:01 | Investigar | Forging |
| 21:15 | Crear | Villager (Male) |
| 21:23 | Construir | Farm |
| 21:23 | Construir | Farm |
| 21:31 | Investigar | Fletching |
| 21:58 | Crear | Villager (Male) |
| 22:30 | Crear | Villager (Male) |
| 22:48 | Investigar | Castle Age |
| 23:04 | Investigar | Double-Bit Axe |
| 23:20 | Investigar | Padded Archer Armor |
| 23:41 | Investigar | Horse Collar |
| 24:00 | Crear | Skirmisher |
| 24:00 | Crear | Skirmisher |
| 24:09 | Construir | Farm |
| 24:48 | Crear | Skirmisher |
| 24:48 | Crear | Skirmisher |
| 24:48 | Crear | Skirmisher |
| 24:52 | Crear | Spearman |
| 25:01 | Construir | House |
| 25:04 | Construir | House |
| 25:05 | Construir | House |
| 25:09 | Construir | House |
| 25:11 | Construir | House |
| 25:16 | Crear | Villager (Male) |
| 25:16 | Crear | Villager (Male) |
| 25:16 | Crear | Villager (Male) |
| 25:57 | Investigar | Bow Saw |
| 26:28 | Crear | Spearman |
| 26:29 | Crear | Spearman |
| 26:33 | Crear | Skirmisher |
| 26:33 | Crear | Skirmisher |
| 26:48 | Investigar | Pikeman (upgrade) |
| 26:51 | Investigar | Elite Skirmisher (upgrade) |
| 26:58 | Investigar | Bodkin Arrow |
| 27:07 | Crear | Villager (Male) |
| 27:28 | Construir | Castle |
| 27:52 | Crear | Spearman |
| 27:52 | Crear | Spearman |
| 27:53 | Crear | Spearman |
| 27:56 | Crear | Skirmisher |
| 27:56 | Crear | Skirmisher |
| 28:01 | Crear | Villager (Male) |
| 28:26 | Construir | Siege Workshop |
| 28:47 | Construir | Mining Camp |
| 28:49 | Crear | Villager (Male) |
| 28:50 | Crear | Villager (Male) |
| 29:26 | Investigar | Town Watch |
| 29:33 | Crear | Mangonel |
| 29:35 | Crear | Mangonel |
Build order — SAMY LA LESBIANA
Primeras 150 de 447 acciones detectadas
| 0:04 | Construir | House |
| 0:07 | Construir | House |
| 0:08 | Crear | Villager (Male) |
| 0:08 | Crear | Villager (Male) |
| 0:08 | Crear | Villager (Male) |
| 0:08 | Crear | Villager (Male) |
| 0:09 | Crear | Villager (Male) |
| 0:09 | Crear | Villager (Male) |
| 2:03 | Crear | Villager (Male) |
| 2:31 | Crear | Villager (Male) |
| 2:37 | Investigar | Loom |
| 2:38 | Crear | Villager (Male) |
| 2:56 | Crear | Villager (Male) |
| 3:22 | Construir | Palisade Wall |
| 3:31 | Crear | Villager (Male) |
| 3:33 | Crear | Villager (Male) |
| 4:07 | Crear | Villager (Male) |
| 4:08 | Crear | Villager (Male) |
| 4:46 | Crear | Villager (Male) |
| 5:07 | Construir | House |
| 5:10 | Construir | House |
| 5:53 | Construir | Palisade Wall |
| 5:58 | Crear | Villager (Male) |
| 5:58 | Crear | Villager (Male) |
| 5:59 | Crear | Villager (Male) |
| 6:21 | Construir | House |
| 7:25 | Construir | Palisade Wall |
| 7:31 | Crear | Villager (Male) |
| 7:32 | Crear | Villager (Male) |
| 7:32 | Crear | Villager (Male) |
| 8:20 | Construir | Mill |
| 9:22 | Construir | Mining Camp |
| 9:24 | Crear | Villager (Male) |
| 9:24 | Crear | Villager (Male) |
| 9:24 | Crear | Villager (Male) |
| 9:57 | Crear | Villager (Male) |
| 9:57 | Crear | Villager (Male) |
| 10:17 | Construir | Lumber Camp |
| 10:28 | Construir | Dock |
| 12:03 | Construir | Mining Camp |
| 12:06 | Crear | Villager (Male) |
| 12:07 | Crear | Villager (Male) |
| 13:05 | Investigar | Feudal Age |
| 13:23 | Crear | Fishing Ship |
| 13:24 | Crear | Fishing Ship |
| 13:26 | Crear | Fishing Ship |
| 14:16 | Construir | House |
| 14:19 | Construir | House |
| 14:21 | Construir | House |
| 14:22 | Construir | House |
| 14:24 | Construir | House |
| 14:52 | Crear | Villager (Male) |
| 14:52 | Crear | Villager (Male) |
| 14:53 | Crear | Villager (Male) |
| 15:15 | Edad | Edad Feudal |
| 15:39 | Construir | Market |
| 15:53 | Construir | Blacksmith |
| 17:03 | Construir | Stone Wall |
| 17:25 | Construir | Market |
| 17:53 | Investigar | Tech 906 |
| 18:50 | Construir | Farm |
| 18:53 | Construir | Farm |
| 18:55 | Construir | Farm |
| 19:15 | Construir | Farm |
| 19:29 | Construir | Farm |
| 19:48 | Construir | Farm |
| 20:11 | Construir | Farm |
| 20:28 | Construir | Stone Wall |
| 20:38 | Construir | Farm |
| 20:47 | Investigar | Castle Age |
| 20:54 | Construir | Farm |
| 21:17 | Construir | Farm |
| 23:01 | Crear | Trade Cart |
| 23:01 | Crear | Trade Cart |
| 23:27 | Edad | Edad de los Castillos |
| 23:41 | Crear | Villager (Male) |
| 23:41 | Crear | Villager (Male) |
| 23:41 | Crear | Villager (Male) |
| 23:41 | Crear | Villager (Male) |
| 23:42 | Crear | Villager (Male) |
| 23:42 | Crear | Villager (Male) |
| 23:42 | Crear | Villager (Male) |
| 23:42 | Crear | Villager (Male) |
| 24:16 | Construir | Town Center |
| 24:48 | Construir | Castle |
| 25:10 | Crear | Villager (Male) |
| 25:10 | Crear | Villager (Male) |
| 25:11 | Crear | Villager (Male) |
| 25:11 | Crear | Villager (Male) |
| 25:11 | Crear | Villager (Male) |
| 25:11 | Crear | Villager (Male) |
| 25:12 | Crear | Villager (Male) |
| 25:12 | Crear | Villager (Male) |
| 25:12 | Crear | Villager (Male) |
| 25:12 | Crear | Villager (Male) |
| 25:13 | Crear | Villager (Male) |
| 25:13 | Crear | Villager (Male) |
| 25:13 | Crear | Villager (Male) |
| 25:13 | Crear | Villager (Male) |
| 25:14 | Crear | Villager (Male) |
| 25:14 | Crear | Villager (Male) |
| 25:36 | Crear | Fishing Ship |
| 26:08 | Construir | Fish Trap |
| 26:31 | Construir | Fish Trap |
| 26:50 | Construir | Fish Trap |
| 27:07 | Crear | Villager (Male) |
| 27:07 | Crear | Villager (Male) |
| 27:07 | Crear | Villager (Male) |
| 27:07 | Crear | Villager (Male) |
| 27:08 | Crear | Villager (Male) |
| 27:08 | Crear | Villager (Male) |
| 27:08 | Crear | Villager (Male) |
| 27:09 | Crear | Villager (Male) |
| 27:09 | Crear | Villager (Male) |
| 27:18 | Construir | Fish Trap |
| 27:41 | Investigar | Double-Bit Axe |
| 27:46 | Crear | Fishing Ship |
| 28:08 | Construir | Farm |
| 28:14 | Construir | Farm |
| 28:38 | Construir | Farm |
| 28:42 | Construir | Farm |
| 29:33 | Construir | Town Center |
| 29:53 | Construir | Fish Trap |
| 30:08 | Investigar | Wheelbarrow |
| 30:18 | Construir | Farm |
| 30:39 | Construir | Mining Camp |
| 30:54 | Investigar | Bow Saw |
| 31:03 | Construir | Farm |
| 31:09 | Construir | Farm |
| 31:13 | Construir | Farm |
| 31:19 | Construir | Farm |
| 31:22 | Construir | Farm |
| 32:00 | Construir | Farm |
| 32:07 | Construir | Farm |
| 32:13 | Construir | Farm |
| 32:19 | Investigar | Hand Cart |
| 32:24 | Investigar | Imperial Age |
| 32:45 | Investigar | Caravan |
| 32:46 | Crear | Trade Cart |
| 32:48 | Crear | Trade Cart |
| 32:50 | Crear | Trade Cart |
| 32:53 | Crear | Trade Cart |
| 33:07 | Crear | Villager (Male) |
| 33:08 | Crear | Villager (Male) |
| 33:08 | Crear | Villager (Male) |
| 33:08 | Crear | Villager (Male) |
| 33:08 | Crear | Villager (Male) |
| 33:09 | Crear | Villager (Male) |
| 33:30 | Construir | Barracks |
| 34:23 | Crear | Villager (Male) |
Cronología de la partida
| 0:30 | Mothership9207 · wall_segment Palisade Wall x12 |
| 0:58 | SpryPenguin2814 · wall_segment Palisade Wall x9 |
| 1:53 | Xerxes*the*Great · wall_segment Palisade Wall x25 |
| 3:17 | DolphinPizza · first_building Dock |
| 3:22 | SAMY LA LESBIANA · wall_segment Palisade Wall x7 |
| 3:32 | AKANZİ · wall_segment Palisade Wall x17 |
| 3:45 | ByPeGaSuss · wall_segment Palisade Wall x16 |
| 5:16 | ByPeGaSuss · wall_segment Palisade Wall x9 |
| 5:27 | Mothership9207 · tribute_sent a jugador 1 |
| 5:27 | Mothership9207 · tribute_sent a jugador 2 |
| 5:27 | Mothership9207 · tribute_sent a jugador 3 |
| 5:27 | Mothership9207 · tribute_sent a jugador 4 |
| 5:27 | Mothership9207 · tribute_sent a jugador 5 |
| 5:27 | Mothership9207 · tribute_sent a jugador 7 |
| 5:27 | Mothership9207 · tribute_sent a jugador 8 |
| 5:53 | SAMY LA LESBIANA · wall_segment Palisade Wall x12 |
| 6:07 | Xerxes*the*Great · wall_segment Palisade Wall x4 |
| 6:59 | SpryPenguin2814 · wall_segment Palisade Wall x20 |
| 7:08 | AKANZİ · wall_segment Palisade Wall x16 |
| 7:25 | SAMY LA LESBIANA · wall_segment Palisade Wall x13 |
| 7:35 | SpryPenguin2814 · wall_segment Palisade Wall x1 |
| 7:38 | SpryPenguin2814 · wall_segment Palisade Wall x6 |
| 7:38 | AKANZİ · wall_segment Palisade Wall x1 |
| 8:15 | Mothership9207 · wall_segment Palisade Wall x13 |
| 8:25 | SpryPenguin2814 · wall_segment Palisade Wall x20 |
| 8:50 | Mothership9207 · wall_segment Palisade Wall x5 |
| 9:23 | Mothership9207 · wall_segment Palisade Wall x14 |
| 10:28 | SAMY LA LESBIANA · first_building Dock |
| 10:38 | Xerxes*the*Great · age_up feudal |
| 13:27 | DolphinPizza · age_up feudal |
| 14:17 | dj abov · age_up feudal |
| 14:46 | ByPeGaSuss · age_up feudal |
| 15:15 | SAMY LA LESBIANA · age_up feudal |
| 15:19 | ByPeGaSuss · wall_segment Stone Wall x15 |
| 15:41 | DolphinPizza · first_building Barracks |
| 16:33 | Mothership9207 · wall_segment Palisade Wall x14 |
| 16:57 | Mothership9207 · first_building Barracks |
| 17:03 | SAMY LA LESBIANA · wall_segment Stone Wall x12 |
| 17:38 | AKANZİ · first_building Dock |
| 18:19 | ByPeGaSuss · wall_segment Stone Wall x18 |
| 18:26 | Mothership9207 · first_building Archery Range |
| 19:30 | DolphinPizza · first_building Archery Range |
| 19:31 | Xerxes*the*Great · first_building Stable |
| 19:36 | SpryPenguin2814 · wall_segment Stone Wall x6 |
| 19:41 | SpryPenguin2814 · wall_segment Stone Wall x9 |
| 20:28 | SAMY LA LESBIANA · wall_segment Stone Wall x10 |
| 21:07 | dj abov · age_up castle |
| 21:51 | Xerxes*the*Great · first_building Dock |
| 22:06 | Mothership9207 · first_market_buy 100 food |
| 22:09 | Mothership9207 · first_market_sell 100 wood |
| 22:28 | DolphinPizza · age_up castle |
| 22:43 | DolphinPizza · first_market_buy 100 wood |
| 22:57 | AKANZİ · age_up feudal |
| 23:14 | SpryPenguin2814 · wall_segment Stone Wall x9 |
| 23:18 | Xerxes*the*Great · age_up castle |
| 23:27 | SAMY LA LESBIANA · age_up castle |
| 24:08 | SpryPenguin2814 · first_building Barracks |
| 24:48 | SAMY LA LESBIANA · first_building Castle |
| 24:50 | ByPeGaSuss · age_up castle |
| 24:59 | SpryPenguin2814 · first_building Archery Range |
| 25:06 | SpryPenguin2814 · first_building Stable |
| 25:52 | DolphinPizza · first_building Castle |
| 27:28 | Mothership9207 · first_building Castle |
| 27:32 | SpryPenguin2814 · wall_segment Stone Wall x18 |
| 28:22 | dj abov · first_building Castle |
| 28:26 | Mothership9207 · first_building Siege Workshop |
| 29:39 | Xerxes*the*Great · first_market_buy 100 food |
| 30:26 | ByPeGaSuss · first_building Barracks |
| 31:02 | dj abov · first_building Barracks |
| 31:35 | SpryPenguin2814 · first_building Castle |
| 31:39 | AKANZİ · wall_segment Stone Wall x13 |
| 31:58 | SpryPenguin2814 · wall_segment Stone Wall x6 |
| 32:04 | ByPeGaSuss · first_building Castle |
| 32:04 | SpryPenguin2814 · wall_segment Stone Wall x8 |
| 32:22 | dj abov · first_building Siege Workshop |
| 32:32 | dj abov · first_building Stable |
| 32:37 | ByPeGaSuss · first_building Stable |
| 32:42 | Xerxes*the*Great · first_building Monastery |
| 32:54 | AKANZİ · wall_segment Stone Wall x14 |
| 33:02 | ByPeGaSuss · first_market_sell 500 wood |
| 33:23 | AKANZİ · resign |
| 33:30 | SAMY LA LESBIANA · first_building Barracks |
| 34:03 | Mothership9207 · wall_segment Stone Wall x13 |
| 34:38 | DolphinPizza · first_building Siege Workshop |
| 34:40 | dj abov · age_up imperial |
| 34:55 | SAMY LA LESBIANA · first_building Archery Range |
| 35:03 | DolphinPizza · first_building Monastery |
| 35:26 | Xerxes*the*Great · first_building Castle |
| 35:34 | SAMY LA LESBIANA · age_up imperial |
| 36:24 | Xerxes*the*Great · first_building Archery Range |
| 38:19 | SAMY LA LESBIANA · first_building Stable |
| 40:14 | ByPeGaSuss · age_up imperial |
| 40:20 | DolphinPizza · age_up imperial |
| 40:47 | Xerxes*the*Great · age_up imperial |
| 42:03 | Mothership9207 · first_building Stable |
| 44:21 | ByPeGaSuss · first_market_buy 500 food |
| 44:51 | dj abov · first_building Monastery |
| 48:11 | Xerxes*the*Great · first_market_sell 100 wood |
| 52:24 | DolphinPizza · first_market_sell 100 food |
| 60:18 | SpryPenguin2814 · first_market_sell 100 food |
| 64:24 | Xerxes*the*Great · wall_segment Stone Wall x22 |
| 65:09 | Xerxes*the*Great · wall_segment Stone Wall x7 |
| 68:10 | dj abov · first_building Archery Range |
| 69:05 | Xerxes*the*Great · wall_segment Stone Wall x3 |
| 80:41 | ByPeGaSuss · wall_segment Stone Wall x16 |
[ ANÁLISIS IA · 1 CRÉDITO ]
¿Qué pasó realmente en esta partida?
Wolo.gg analiza cada decisión: build order, eco, micro, errores típicos por bracket. Análisis personalizado por WhatsApp o Discord en 30 segundos.
Guía civ
Españoles
Perfil
Jugador #3165802